 Dungeon Crawl Stone Soup version 0.27-a0-1006-g1fd4cec11e (webtiles) character file.

Game seed: 9839151306345748744

14119 tardwrangler69 the Geomancer (level 11, -5/99 HPs)
             Began as a Yellow Draconian Earth Elementalist on Apr 17, 2021.
             Was a Believer of Vehumet.
             Slain by an eight-headed hydra (6 damage)
             ... on level 11 of the Dungeon.
             The game lasted 00:20:18 (15464 turns).

tardwrangler69 the Geomancer (DrEE)                Turns: 15464, Time: 00:20:18

Health: -5/99      AC:  8    Str: 10    XL:     11   Next: 84%
Magic:  9/21       EV: 12    Int: 25    God:    Vehumet [**....]
Gold:   450        SH:  5    Dex: 12    Spells: 3/24 levels left

rFire    . . .     SeeInvis .   L - +3 spear (venom)
rCold    . . .     Faith    .   q - +0 buckler
rNeg     . . .     Spirit   .   (armour unavailable)
rPois    .         Reflect  .   (helmet restricted)
rElec    .         Harm     .   (no cloak)
rCorr    +         Rampage  .   A - +0 pair of gloves
Will     .....                  (no boots)
Stlth    ++........             (no amulet)
HPRegen  0.26/turn              c - ring of wizardry
MPRegen  0.17/turn              h - +6 ring of intelligence

@: no status effects
A: spit acid, AC +7, unfitting armour, cold-blooded, acid resistance
a: Breathe Acid, Renounce Religion


You were on level 11 of the Dungeon.
You worshipped Vehumet.
Vehumet was pleased with you.
You visited 2 branches of the dungeon, and saw 12 of its levels.

You collected 450 gold pieces.

Inventory:

Hand Weapons
 L - a +3 spear of venom (weapon)
Missiles
 b - 31 stones
 y - 4 throwing nets
 z - 5 boomerangs of dispersal
Armour
 q - a +0 buckler (worn)
 A - a +0 pair of gloves (worn)
Magical Staves
 C - a staff of conjuration
Jewellery
 c - a ring of wizardry (left hand)
 h - a +6 ring of intelligence (right hand)
 J - a ring of see invisible
Wands
 t - a wand of charming (10)
 u - a wand of paralysis (6)
 v - a wand of digging (4)
 M - a wand of flame (22)
Scrolls
 a - a scroll of blinking {unknown}
 g - 7 scrolls of teleportation
 i - 4 scrolls of vulnerability
 l - 2 scrolls of noise {unknown}
 n - 2 scrolls of fog {unknown}
 o - 3 scrolls of magic mapping
 r - 2 scrolls of fear {unknown}
 s - 3 scrolls of amnesia
 x - 2 scrolls of enchant weapon {unknown}
 D - a scroll of acquirement {unknown}
 E - a scroll of silence {unknown}
 F - a scroll of summoning {unknown}
Potions
 d - 4 potions of mutation
 e - 6 potions of haste
 f - a potion of lignification {unknown}
 j - a potion of cancellation {unknown}
 k - 2 potions of ambrosia {unknown}
 m - 3 potions of berserk rage {unknown}
 p - 4 potions of curing
 w - 2 potions of attraction {unknown}
 B - 2 potions of magic {unknown}
 G - 2 potions of brilliance {unknown}
 H - 3 potions of heal wounds {unknown}
 I - a potion of flight {unknown}
 K - a potion of experience {unknown}


   Skills:
 - Level 10.0 Fighting
 - Level 1.7 Dodging
 - Level 1.7 Stealth
 - Level 4.0 Shields
 - Level 7.0 Spellcasting
 - Level 7.0 Conjurations
 * Level 4.8 Transmutations
 + Level 12.3 Earth Magic


You had 3 spell levels left.
You knew the following spells:

 Your Spells              Type           Power      Damage    Failure   Level
a - Sandblast             Erth           100%       2d20      1%          1
b - Stone Arrow           Conj/Erth      100%       3d13      1%          3
c - Lee's Rapid Deconstr  Erth           31%        3d17*     1%          5
d - Iron Shot             Conj/Erth      27%        9d6       9%          6
e - Statue Form           Tmut/Erth      34%        N/A       12%         6

Your spell library contained the following spells:

 Spells                   Type           Power      Damage    Failure   Level
 Shock                    Conj/Air       100%       1d9       1%          1
 Beastly Appendage        Tmut           64%        N/A       1%          1
 Magic Dart               Conj           100%       1d8       1%          1
 Passwall                 Tmut/Erth      42%        N/A       1%          2
 Searing Ray              Conj           86%        3d6       1%          2
 Wereblood                Tmut           32%        N/A       1%          2
 Conjure Flame            Conj/Fire      26%        6-21      1%          3
 Dazzling Flash           Conj/Hex       52%        N/A       1%          3
 Spider Form              Tmut/Pois      10%        N/A       3%          3
 Ignite Poison            Fire/Tmut/Pois 16%        N/A       4%          3
 Petrify                  Tmut/Erth      51%        N/A       1%          4
 Leda's Liquefaction      Hex/Erth       19%        N/A       2%          4
 Bolt of Magma            Conj/Fire/Erth 20%        4d10      5%          5
 Fulminant Prism          Conj/Hex       13%        3d9       6%          4
 Iskenderun's Mystic Bla  Conj/Tloc      26%        2d7       6%          4
 Ice Form                 Ice/Tmut       20%        N/A       11%         4
 Hydra Form               Tmut           16%        N/A       11%         5
 Orb of Destruction       Conj           21%        9d9       75%         7
 Shatter                  Erth           31%        3d26*     100%        9
 Animate Armour           Summ/Erth      Unusable   N/A       N/A         4

Dungeon Overview and Level Annotations

Branches:
Dungeon (11/15)            Temple (1/1) D:6            Lair (0/6) D:10
    Orc: D:9-12

Altars:
Ashenzari
Cheibriados
Dithmenos
Elyvilon
Fedhas
Gozag
Hepliaklqana
Kikubaaqudgha
Makhleb
Nemelex Xobeh
Okawaru
Qazlal
Ru
Sif Muna
Trog
Uskayaw
Vehumet
Wu Jian
Xom
Yredelemnul
Zin
The Shining One


Innate Abilities, Weirdness & Mutations

You can spit globs of acid.
Your golden yellow scales are hard. (AC +7)
You cannot fit into any form of body armour.
You are cold-blooded and may be slowed by cold attacks.
You are resistant to acid. (rCorr)


Message History

Press: ? - help, Shift-Dir - straight line, f/p - eight-headed hydra
Aim: an eight-headed hydra (severely wounded, 92% to hit)
The stone arrow misses the eight-headed hydra.
The eight-headed hydra barely misses you.
The eight-headed hydra completely misses you.
The eight-headed hydra bites you! x2
* * * LOW HITPOINT WARNING * * *
The eight-headed hydra bites you.
* * * LOW HITPOINT WARNING * * *
The eight-headed hydra bites you!
* * * LOW HITPOINT WARNING * * *
The eight-headed hydra bites you.
* * * LOW HITPOINT WARNING * * *
The eight-headed hydra bites you but does no damage.
Okay, then.
Unknown command.
Okay, then.
Unknown command.
Press: ? - help, v - describe, . - travel
Here: an eight-headed hydra (severely wounded)
The floor, spattered with blood.
Unknown command.
Okay, then.
Unknown command.
Okay, then.
Unknown command.
Casting: Stone Arrow (safe; 1% risk of failure)
Confirm with . or Enter, or press ? or * to list all spells.
Aiming: Stone Arrow (safe; 1% risk of failure)
Press: ? - help, Shift-Dir - straight line, f/p - eight-headed hydra
Aim: an eight-headed hydra (severely wounded, 92% to hit)
The stone arrow hits the eight-headed hydra!
The eight-headed hydra is almost dead.
The eight-headed hydra completely misses you.
The eight-headed hydra misses you.
The eight-headed hydra closely misses you.
The eight-headed hydra bites you!
* * * LOW HITPOINT WARNING * * *
The eight-headed hydra bites you.
You die...

##...#............
#.................
##................
##
#....#...........
... ###...##.....
.... #......#....
##... ##..........
#.....#..........#
#..D@.#....##..
#..##.#...... .
..... ..........
#.#.. ##........ #
##. ..##... # ..#
... ###


You could see an eight-headed hydra.

Vanquished Creatures
  Harold (D:9)
  3 two-headed ogres
  Erica (D:10)
  A boulder beetle (D:9)
  A centaur warrior (D:9)
  An orb spider (shapeshifter) (D:10)
  A cyclops (D:7)
  A manticore (D:11)
  A gargoyle (D:11)
  Maggie (D:7)
  A komodo dragon (D:10)
  Psyche (D:10)
  A troll (D:9)
  4 slime creatures (D:10)
  A hornet (D:9)
  5 yaks (D:8)
  A wraith (D:10)
  Grum (D:8)
  4 fire bats (D:9)
  A steam dragon (D:10)
  A water moccasin (D:8)
  A hell hound (D:9)
  7 orc warriors
  3 sky beasts
  An ice beast (D:6)
  3 wolves (D:8)
  2 ogres
  4 centaurs
  2 kobold brigands
  A phantom (D:7)
  Blork the orc (D:5)
  A gnoll sergeant (D:9)
  4 scorpions
  5 bullfrogs
  4 killer bees (D:9)
  5 howler monkeys
  2 lava snakes (D:9)
  A bullfrog zombie (D:5)
  4 centaur zombies
  3 centaur skeletons
  A gnoll shaman (D:6)
  4 orc priests
  A hound (D:5)
  An iron imp (D:4)
  13 orc wizards
  2 killer bee zombies
  A hound skeleton (D:5)
  A howler monkey zombie (D:8)
  6 adders
  19 gnolls
  A shadow imp (D:7)
  A white imp (D:6)
  An ufetubus (D:5)
  An adder skeleton (D:4)
  2 worms
  2 dart slugs
  33 orcs
  3 bats
  9 endoplasms
  3 giant cockroaches
  3 hobgoblins
  3 jackals (D:1)
  3 quokkas
  8 ball pythons
  2 frilled lizards (D:3)
  9 goblins
  17 kobolds
  4 rats
  3 fire vortices (D:9)
244 creatures vanquished.

Vanquished Creatures (others)
  A kobold (D:8)
  38 plants (D:10)
39 creatures vanquished.

Grand Total: 283 creatures vanquished

Notes
Turn   | Place    | Note
-------+----------+-------------------------------------------
     0 | D:1      | tardwrangler69 the Draconian Earth Elementalist began the
                  | quest for the Orb.
     0 | D:1      | Reached XP level 1. HP: 14/14 MP: 3/3
   669 | D:1      | Reached XP level 2. HP: 19/20 MP: 5/5
   744 | D:1      | Found a faded altar of an unknown god.
  1660 | D:2      | Noticed a necrophage
  1964 | D:2      | Reached XP level 3. HP: 25/25 MP: 6/6
  1968 | D:2      | Learned a level 3 spell: Stone Arrow
  2324 | D:2      | Reached skill level 4 in Earth Magic
  2403 | D:1      | Reached XP level 4. HP: 7/33 MP: 0/8
  2991 | D:3      | Found an opulent altar of Gozag.
  3570 | D:3      | Reached skill level 5 in Earth Magic
  3627 | D:4      | Noticed an ogre
  3632 | D:4      | Killed an ogre
  3633 | D:4      | Reached XP level 5. HP: 7/38 MP: 4/10
  3911 | D:4      | Reached XP level 6. HP: 42/45 MP: 6/11
  3981 | D:4      | Reached skill level 6 in Earth Magic
  4325 | D:4      | Learned a level 5 spell: Lee's Rapid Deconstruction
  4831 | D:4      | Found a snail-covered altar of Cheibriados.
  5026 | D:5      | Entered Level 5 of the Dungeon
  5036 | D:5      | Your scales start taking on a golden yellow colour.
  5036 | D:5      | Reached XP level 7. HP: 50/50 MP: 7/13
  5036 | D:5      | Gained mutation: You are resistant to acid. (rCorr) [Yellow
                  | Draconian growth]
  5038 | D:5      | Reached skill level 7 in Earth Magic
  5762 | D:5      | Found an ornate altar of the Wu Jian Council.
  5863 | D:5      | Reached skill level 5 in Spellcasting
  5866 | D:5      | Reached skill level 8 in Earth Magic
  5909 | D:5      | Noticed Blork the orc
  5915 | D:5      | Killed Blork the orc
  5924 | D:5      | Reached XP level 8. HP: 26/57 MP: 9/15
  6966 | D:6      | Reached skill level 1 in Shields
  7012 | D:6      | Reached skill level 1 in Conjurations
  7173 | D:6      | Found a staircase to the Ecumenical Temple.
  7491 | Temple   | Entered the Ecumenical Temple
  8707 | D:7      | Reached XP level 9. HP: 57/62 MP: 12/18
  8720 | D:7      | Identified the Grimoire of Confrontation and Changing
  8959 | D:7      | Noticed Maggie
  8967 | D:7      | Killed Maggie
  8969 | D:7      | Reached skill level 5 in Conjurations
  9300 | D:7      | Found a large runed translucent door.
  9301 | D:7      | Found a large runed translucent door.
  9632 | D:7      | Noticed a cyclops
  9635 | D:7      | Killed a cyclops
  9698 | D:7      | Found a basalt altar of Yredelemnul.
  9701 | D:7      | Found a burning altar of Makhleb.
  9739 | D:8      | Noticed Grum
  9743 | D:8      | Reached skill level 1 in Fighting
  9745 | D:8      | Killed Grum
  9886 | D:8      | Reached skill level 9 in Earth Magic
 10087 | D:8      | Found a white marble altar of Elyvilon.
 10236 | D:8      | Found a radiant altar of Vehumet.
 10241 | D:8      | Reached XP level 10. HP: 77/77 MP: 17/20
 10244 | D:8      | Became a worshipper of Vehumet
 10339 | D:8      | Noticed a two-headed ogre
 10343 | D:8      | Killed a two-headed ogre
 10344 | D:8      | Reached skill level 5 in Fighting
 10344 | D:8      | Reached skill level 10 in Earth Magic
 10711 | D:8      | Noticed a two-headed ogre
 10717 | D:8      | Killed a two-headed ogre
 10910 | D:9      | Noticed Harold
 11261 | D:9      | Noticed a centaur warrior
 11264 | D:9      | Killed a centaur warrior
 11499 | D:9      | Killed Harold
 11500 | D:9      | Reached skill level 11 in Earth Magic
 11500 | D:9      | Reached XP level 11. HP: 94/94 MP: 0/21
 11835 | D:9      | Noticed a boulder beetle
 12808 | D:9      | Reached * piety under Vehumet
 12808 | D:9      | Offered knowledge of Foxfire by Vehumet.
 13051 | D:9      | Killed a boulder beetle
 13279 | D:10     | Entered Level 10 of the Dungeon
 13279 | D:10     | Noticed Psyche
 13285 | D:10     | Killed Psyche
 13285 | D:10     | Noticed Erica
 13288 | D:10     | Killed Erica
 13856 | D:10     | Learned a level 6 spell: Iron Shot
 13865 | D:10     | Learned a level 6 spell: Statue Form
 13867 | D:10     | Found a staircase to the Lair.
 13905 | D:10     | Reached skill level 12 in Earth Magic
 14098 | D:10     | Found an iron altar of Okawaru.
 14099 | D:10     | Noticed a mana viper
 15043 | D:10     | Noticed an orb spider
 15046 | D:10     | Killed an orb spider
 15304 | D:11     | Noticed a two-headed ogre
 15309 | D:11     | Killed a two-headed ogre
 15310 | D:11     | Reached skill level 10 in Fighting
 15319 | D:11     | Offered knowledge of Shock by Vehumet.
 15329 | D:11     | Reached ** piety under Vehumet
 15459 | D:11     | Noticed an eight-headed hydra
 15464 | D:11     | HP: 1/99 [eight-headed hydra (8)]
 15464 | D:11     | Slain by an eight-headed hydra

Illustrated notes

Levels and vault maps discovered:
D:1:      minmay_arrival_loop, layout_loops_corners, basic_ecumenical_altar
D:2:      layout_rooms
D:3:      layout_basic, nicolae_gozag_seed_capital
D:4:      layout_loops_ring, chei_slow_surprise
D:5:      layout_loops_ring, nicolae_overflow_hidden_temple, uniq_blork_the_orc
D:6:      layout_loops_ring, minmay_temple_entry_junction,
          kennysheep_generic_room_10
D:7:      layout_cave_pools, jmf_multi_god_temple2, uniq_maggie
D:8:      layout_loops_ring, kennysheep_mini_moat, nicolae_vehumet_altar_sigil,
          uniq_grum
D:9:      minmay_spotlight, layout_loops_ring, hangedman_incinerator,
          uniq_harold
D:10:     layout_roguey, nicolae_overflow_crystal_walls, david_lair_shrubbed,
          uniq_erica, uniq_psyche
D:11:     layout_cave_pools
Temple:   nicolae_temple_great_sept

Skill      XL: |  1  2  3  4  5  6  7  8  9 10 11 |
---------------+----------------------------------+-----
Earth Magic    | 4 5 6 8 9 11 12 | 12.3
Spellcasting   | 3 4 5 6 7 |  7.0
Shields        | 4 |  4.0
Conjurations   | 3 7 |  7.0
Fighting       | 3 7 10 | 10.0
Transmutations | 4 |  4.8
Dodging        | |  1.7
Stealth        | |  1.7

Action                   |  1- 3 |  4- 6 |  7- 9 | 10-12 || total
-------------------------+-------+-------+-------+-------++-------
Melee: Unarmed           |    38 |       |       |       ||    38
       Tailslap          |     3 |     9 |    14 |     4 ||    30
       Dagger            |    28 |    12 |       |       ||    40
       Whip              |       |    79 |   138 |    12 ||   229
       Spear             |       |       |       |    47 ||    47
 Cast: Sandblast         |    29 |    32 |    92 |    82 ||   235
       Stone Arrow       |       |       |    12 |    62 ||    74
       Lee's Rapid Decon |       |       |     5 |    19 ||    24
       Iron Shot         |       |       |       |     1 ||     1
 Abil: Breathe Acid      |       |       |     4 |       ||     4
  Use: Scroll            |       |       |       |    10 ||    10
       Potion            |       |       |       |     1 ||     1
 Stab: Sleeping          |     5 |     4 |     1 |     1 ||    11
       Distracted        |       |       |     1 |       ||     1
Armor: Skin              |    29 |    30 |    80 |    28 ||   167
Dodge: Dodged            |    53 |    51 |   154 |    59 ||   317
Block: Buckler           |       |     5 |    47 |    18 ||    70

Table legend: (Time is in decaauts)
 A = Elapsed time spent in this place.
 B = Non-inter-level travel time spent in this place.
 C = Inter-level travel time spent in this place.
 D = Time resting spent in this place.
 E = Time spent auto-exploring this place.
 F = Levels seen in this place.
 G = Mean time per level.
                   A        B        C        D        E       F      G
               +--------+--------+--------+--------+--------+-----+--------+
         Total |  15514 |  14773 |    741 |   1726 |  11278 |  12 | 1292.8 |
       Dungeon |  15424 |  14687 |    737 |   1726 |  11207 |  11 | 1402.2 |
        Temple |     90 |     86 |      4 |      0 |     71 |   1 |   90.0 |
               +--------+--------+--------+--------+--------+-----+--------+

Top non-repeatable levels by time:
     D:9: 2465 daAuts
     D:1: 2190 daAuts
     D:6: 1833 daAuts
     D:5: 1765 daAuts
     D:8: 1524 daAuts
    D:10: 1455 daAuts
     D:4: 1448 daAuts
     D:7: 1093 daAuts
     D:2: 775 daAuts
     D:3: 626 daAuts
    D:11: 245 daAuts
  Temple: 90 daAuts
